 Dungeon Crawl Stone Soup version 0.19.5 (webtiles) character file.

112390 Jerry the Minotaur Blade (level 16, -2/150 HPs)
             Began as a Minotaur Gladiator on Mar 19, 2017.
             Was an Initiate of Gozag.
             Splashed by a lich's acid (10 damage)
             ... on level 1 of the Depths on Mar 20, 2017.
             The game lasted 02:41:05 (35375 turns).

Jerry the Minotaur Blade (Minotaur Gladiator)      Turns: 35375, Time: 02:41:06

Health: -2/150     AC: 19    Str: 23    XL:     16   Next: 11%
Magic:  0/15       EV:  8    Int:  4    God:    Gozag
Gold:   200        SH:  0    Dex: 18    Spells: 3 memorised, 7 levels left

rFire  + . .     SeeInvis +     o - +4 scimitar
rCold  + . .     Gourm    .     R - +2 plate armour {rN+}
rNeg   + + .     Faith    .     S - +0 buckler
rPois  +         Spirit   +     A - +2 hat
rElec  .         Reflect  .     j - +0 cloak
rCorr  .         Harm     .     B - +1 pair of gloves
MR     +....     Clarity  +     m - +2 pair of boots {run}
Stlth  ..........               r - amulet of guardian spirit
                                U - ring "Maohoh" {rPois rF+ rN+ Int-2 Dex+2} (curse)
                                y - ring of Moderation {rC+ SInv}

@: petrifying (expiring), corroded, very slightly contaminated, hasted, quick
A: retaliatory headbutt, horns 2, slimy green scales 1, thin skeletal structure
1, clarity
a: Potion Petition, Call Merchant, Bribe Branch, Renounce Religion


You were on level 1 of the Depths.
You worshipped Gozag.
Gozag was aware of your devotion.
You were not hungry.

You visited 4 branches of the dungeon, and saw 24 of its levels.
You also visited: Labyrinth and Ice Cave.

You collected 9827 gold pieces.
You spent 3081 gold pieces at shops.
You paid 6546 gold pieces to Gozag.

Inventory:

Hand Weapons
 o - a +4 scimitar (weapon)
 Z - a +2 scimitar of flaming
Missiles
 t - 7 javelins (quivered)
Armour
 j - a +0 cloak (worn)
 m - a +2 pair of boots of running (worn)
 A - a +2 hat (worn)
 B - a +1 pair of gloves (worn)
 R - a +2 plate armour of positive energy (worn)
 S - a +0 buckler (worn)
Jewellery
 r - an amulet of guardian spirit (around neck)
 x - an uncursed ring of protection from fire
 y - the ring of Moderation (left hand) {rC+ SInv}
   (You found it on level 8 of the Dungeon)

   [ring of protection from cold]

   It protects you from cold.
   It lets you see invisible.
 O - an uncursed ring of protection from magic
 U - the cursed ring "Maohoh" (right hand) {rPois rF+ rN+ Int-2 Dex+2}
   (You bought it in a shop on level 1 of the Depths)

   [ring of intelligence]

   It affects your intelligence (-2).
   It affects your dexterity (+2).
   It protects you from fire.
   It protects you from poison.
   It protects you from negative energy.
   It has a curse placed upon it.
Wands
 c - a wand of teleportation (5/9)
 w - a wand of hasting (4/9)
 C - a wand of disintegration (10/24)
 P - a wand of acid (7/15)
Scrolls
 k - 2 scrolls of magic mapping
 l - 6 scrolls of identify
 q - 7 scrolls of teleportation
 E - 2 scrolls of enchant weapon
 F - 3 scrolls of recharging
 G - a scroll of remove curse
 H - 4 scrolls of fog
 J - a scroll of holy word
 M - a scroll of fear
 Q - a scroll of enchant armour
 W - a scroll of silence
Potions
 a - 3 potions of haste
 b - 6 potions of magic
 d - 3 potions of ambrosia
 e - a potion of brilliance
 g - 3 potions of mutation
 h - 2 potions of resistance
 i - 7 potions of heal wounds
 p - a potion of invisibility
 s - 6 potions of curing
 v - a potion of cancellation
 D - 5 potions of flight
 T - a potion of berserk rage
 V - a potion of cure mutation
 Y - a potion of agility
Comestibles
 f - 4 bread rations
 n - 12 meat rations
 z - 19 fruits


   Skills:
 + Level 15.7 Fighting
 + Level 21.0 Long Blades
 - Level 2.0 Throwing
 + Level 15.9 Armour
 + Level 11.6 Dodging
 - Level 5.0 Shields


You had 7 spell levels left.
You knew the following spells:

 Your Spells              Type           Power        Failure   Level  Hunger
a - Animate Skeleton      Necr           N/A          100%        1    ##.....
b - Apportation           Tloc           #.........   100%        1    ##.....
c - Statue Form           Tmut/Erth      #........    100%        6    #######


Dungeon Overview and Level Annotations

Branches:
Dungeon (15/15)            Temple (0/1) D:6            Lair (6/6) D:11
  Swamp (0/4) Lair:2        Snake (0/4) Lair:4        Slime (0/5) Lair:6
    Orc (2/2) D:10            Elf (0/3) Orc:2        Vaults (0/5) D:14
 Depths (1/5) D:15

Altars:
Ashenzari
Dithmenos
Elyvilon
Gozag
Hepliaklqana
Kikubaaqudgha
Nemelex Xobeh
Okawaru
Ru
Trog
Vehumet
Xom
Zin

Shops:
D:10 **   Orc:2 }*[(   Lair:1 [   Lair:5 (   Depths:1 (*(*%

Portals:
Hell: Depths:1


Innate Abilities, Weirdness & Mutations

You reflexively headbutt those who attack you in melee.
You have a pair of horns on your head.
You are partially covered in slimy green scales. (AC +2)
You have a somewhat thin skeletal structure. (Dex +2, Stealth)
You possess an exceptional clarity of mind.


Message History

* * * LOW HITPOINT WARNING * * *
The acid corrodes you!
You are splashed with acid!
The acid burns!
* * * LOW HITPOINT WARNING * * *
The lich casts a spell at you.
You are slowing down.
You see here a bolt.
The lich points at you and mumbles some strange words.
The crystal spear hits you!
* * * LOW HITPOINT WARNING * * *
Things that are here:
18 bolts; an uncursed arbalest Your limbs are stiffening.
Items here: ( ) [[ a war axe; a ring mail; a buckler; 2 bolts The lich points at you and mumbles some strange words.
The bolt of acid hits you!
* * * LOW HITPOINT WARNING * * *
You are splashed with acid!
The acid burns!
You die...
Your body crumbles into a pile of gold.

.......................#.........
......P...............##≈........
....PP≈...............##≈≈.......
≈PP≈≈≈≈P...............#8≈.......
≈≈≈≈PP≈≈...............#≈≈.......
P≈♣♣♣♣≈≈...............#≈........
≈≈♣ ♣P≈P....(.........#.........
≈P♣♣♣♣≈≈P.....(.[.((............#
≈≈♣≈≈≈≈P≈......(@)(.L...[.......#
≈P≈P≈P≈.........)..(............#
..PP.≈.......(...................
..≈P.................##.........#
................#....####.......#
................................#
....................(≈...........
...##................≈...........
...##.....###.......≈≈≈≈......^..


You could see a lich.

Vanquished Creatures
  A lich (Depths:1)
  A reaper (IceCv)
  A stone giant (Depths:1)
  The ghost of sreda the Whirler, a journeyman HaHu of Okawaru (Orc:2)
  The ghost of Goodini51 the Arsonist, a journeyman DgFE (D:13)
  An ettin (Depths:1)
  2 great orbs of eyes (Depths:1)
  A fire dragon (Depths:1)
  A minotaur (Lab)
  6 hydras
  3 ice dragons
  A catoblepas (Lair:2)
  3 centaur warriors (D:14)
  An anaconda (Lair:6)
  2 deep troll shamans
  5 tengu warriors
  Urug (D:10)
  2 deep troll earth magi
  11 death yaks
  Sonja (Orc:2)
  A fire crab (shapeshifter) (Depths:1)
  6 deep trolls
  An unseen horror (D:11)
  5 hill giants
  The ghost of BugsBunnySan the Ripper, a novice FeBe of Trog (D:11)
  3 orc knights
  A harpy (shapeshifter) (D:15)
  Pikel (D:9)
  2 deep elf magi (D:15)
  The ghost of tschems the Chopper, a novice HuFi (D:5)
  2 orc sorcerers
  An oklob plant (Lair:5)
  19 ugly things
  A wolf spider (Lair:6)
  2 manticores
  4 elephants
  A guardian serpent (Lair:6)
  5 cyclopes
  2 ice statues (IceCv)
  11 black mambas
  Maurice (D:7)
  A torpor snail (shapeshifter) (D:14)
  A gargoyle (D:15)
  14 spiny frogs
  11 ice devils
  5 komodo dragons
  3 yaktaurs (Depths:1)
  A kobold demonologist (D:15)
  2 efreet (D:14)
  2 rime drakes (Lair:6)
  3 tengu conjurers
  A queen bee (D:11)
  A wind drake (shapeshifter) (D:13)
  A polar bear (shapeshifter) (D:15)
  A meliai (shapeshifter) (D:14)
  A polar bear (Lair:6)
  5 trolls
  A two-headed ogre (D:14)
  4 hornets
  4 tyrant leeches (Lair:2)
  Grinder (D:4)
  22 blink frogs
  A minotaur skeleton (Lab)
  11 hippogriffs
  5 dream sheep (Lair:3)
  A spriggan (Lair:6)
  Sigmund (D:5)
  A wraith (D:10)
  A redback (Lair:6)
  A tarantella (shapeshifter) (D:14)
  11 wyverns
  A yak (shapeshifter) (D:14)
  A shadow (D:14)
  2 water elementals (Depths:1)
  22 yaks
  2 hungry ghosts
  2 basilisks
  Menkaure (D:4)
  Edmund (D:6)
  A mottled dragon (D:10)
  A redback simulacrum (D:15)
  4 wargs
  3 nagas
  26 water moccasins
  10 porcupines
  4 sky beasts
  A meliai simulacrum (D:15)
  2 black bears
  A slave (D:9)
  36 orc warriors
  2 phantoms
  An eye of draining (D:11)
  13 ice beasts
  7 ogres
  A necrophage (D:10)
  25 centaurs
  11 wolves
  18 crocodiles
  5 big kobolds
  14 bullfrogs
  A wyvern zombie (D:14)
  5 wyvern skeletons
  5 scorpions
  24 killer bees
  13 wights
  5 howler monkeys
  9 crimson imps
  A quasit (D:7)
  3 centaur zombies
  Crazy Yiuf (D:4)
  A bullfrog skeleton (D:6)
  5 centaur skeletons
  8 hounds
  4 jellies
  15 orc priests
  3 bullfrog zombies
  20 orc wizards
  Jessica (D:2)
  5 iguanas
  12 worker ants
  A killer bee zombie (D:7)
  A hound zombie (D:8)
  A hound skeleton (D:4)
  3 gnolls (D:9)
  A howler monkey skeleton (D:4)
  11 adders
  2 river rats (Lair:6)
  4 shadow imps
  8 white imps (IceCv)
  6 ufetubi (IceCv)
  4 oozes
  An adder zombie (D:7)
  An adder skeleton (D:6)
  3 worms
  6 leopard geckos
  83 orcs
  3 ball pythons
  8 bats
  2 giant cockroaches
  9 goblins
  7 hobgoblins
  12 jackals
  25 kobolds
  5 quokkas
  5 frilled lizards
  A leopard gecko zombie (D:6)
  3 quokka skeletons
  A quokka zombie (D:6)
  14 rats
825 creatures vanquished.

Vanquished Creatures (others)
  An unseen horror (D:14)
  A centaur (D:6)
  A hound (D:6)
  An adder (D:6)
  A white imp (IceCv)
  4 ufetubi (IceCv)
  An orc (D:9)
  A quokka (D:6)
  24 fungi
  30 plants
65 creatures vanquished.

Grand Total: 890 creatures vanquished

Notes
Turn   | Place    | Note
-------+----------+-------------------------------------------
     0 | D:1      | Jerry the Minotaur Gladiator began the quest for the Orb.
     0 | D:1      | Reached XP level 1. HP: 18/18 MP: 0/0
   172 | D:1      | Reached skill level 1 in Armour
   172 | D:1      | Reached XP level 2. HP: 25/25 MP: 1/1
   380 | D:1      | Reached skill level 4 in Long Blades
   965 | D:2      | Reached XP level 3. HP: 31/31 MP: 2/2
  1031 | D:2      | Noticed Jessica
  1038 | D:2      | Killed Jessica
  1106 | D:2      | Reached XP level 4. HP: 36/38 MP: 3/3
  1401 | D:3      | Reached skill level 5 in Long Blades
  1546 | D:3      | Found a radiant altar of Vehumet.
  1546 | D:3      | Found a sparkling altar of Nemelex Xobeh.
  1547 | D:3      | Found a hazy altar of Hepliaklqana.
  1559 | D:3      | Found an ancient bone altar of Kikubaaqudgha.
  1612 | D:3      | Reached XP level 5. HP: 21/46 MP: 4/4
  1853 | D:3      | Found an opulent altar of Gozag.
  1876 | D:3      | Became a worshipper of Gozag Ym Sagoz the Greedy
  1918 | D:3      | Found a faded altar of an unknown god.
  2371 | D:4      | Reached skill level 6 in Long Blades
  2390 | D:4      | Reached XP level 6. HP: 20/52 MP: 5/5
  2763 | D:4      | Noticed Menkaure
  2773 | D:4      | Killed Menkaure
  2773 | D:4      | Reached skill level 7 in Long Blades
  2773 | D:4      | Reached XP level 7. HP: 35/60 MP: 6/6
  2816 | D:4      | Noticed Grinder
  2862 | D:4      | Paralysed by Grinder for 6 turns
  2868 | D:4      | Killed Grinder
  2868 | D:4      | Reached skill level 5 in Fighting
  2943 | D:4      | Reached skill level 8 in Long Blades
  3221 | D:4      | Found a runed door.
  3357 | D:4      | Noticed Crazy Yiuf
  3365 | D:4      | Killed Crazy Yiuf
  3403 | D:5      | Entered Level 5 of the Dungeon
  3403 | D:5      | Noticed Sigmund
  3516 | D:5      | Reached skill level 5 in Armour
  3553 | D:5      | Found a shadowy altar of Dithmenos.
  3659 | D:5      | Killed Sigmund
  3659 | D:5      | Reached skill level 9 in Long Blades
  3659 | D:5      | Reached XP level 8. HP: 70/70 MP: 7/7
  3941 | D:5      | Noticed tschems's ghost (novice HuFi)
  4077 | D:5      | Killed tschems's ghost
  4077 | D:5      | Reached skill level 10 in Long Blades
  4303 | D:5      | Found a sacrificial altar of Ru.
  4438 | D:6      | Reached XP level 9. HP: 78/79 MP: 8/8
  4932 | D:6      | Found a shimmering altar of Xom.
  5195 | D:6      | Reached skill level 11 in Long Blades
  5233 | D:6      | Noticed Edmund
  5511 | D:6      | Killed Edmund
  5650 | D:6      | Found a staircase to the Ecumenical Temple.
  5931 | D:7      | Found a glowing silver altar of Zin.
  7451 | D:8      | Reached skill level 12 in Long Blades
  7473 | D:8      | Found an iron altar of Okawaru.
  7535 | D:8      | Noticed Maurice
  7664 | D:7      | Killed Maurice
  7882 | D:8      | Got a brightly glowing brass ring
  7883 | D:8      | Identified the ring of Moderation {rC+ SInv} (You found it on level 8 of the Dungeon)
  8011 | D:8      | Reached XP level 10. HP: 90/90 MP: 9/9
  8220 | D:8      | Found a bloodstained altar of Trog.
  8830 | D:9      | Found a white marble altar of Elyvilon.
  9040 | D:9      | Reached skill level 13 in Long Blades
  9111 | D:9      | Noticed Pikel
  9121 | D:9      | Killed Pikel
  9445 | D:10     | Entered Level 10 of the Dungeon
  9482 | D:10     | Found a staircase to the Orcish Mines.
  9754 | D:10     | Paralysed by a hornet for 3 turns
  9978 | D:10     | Reached skill level 10 in Fighting
  9996 | D:10     | Noticed a hill giant
 10006 | D:10     | Noticed a hill giant
 10145 | D:10     | Killed a hill giant
 10145 | D:10     | Reached skill level 14 in Long Blades
 10145 | D:10     | Reached skill level 10 in Armour
 10163 | D:10     | Killed a hill giant
 10163 | D:10     | Reached XP level 11. HP: 88/101 MP: 10/10
 10352 | D:10     | Noticed Urug
 10365 | D:10     | Killed Urug
 10420 | D:10     | Noticed a hill giant
 10427 | D:10     | Killed a hill giant
 10767 | D:10     | Bought a potion of flight for 51 gold pieces
 10769 | D:10     | Bought a pitted scale mail for 279 gold pieces
 10769 | D:10     | Identified the cursed +1 scale mail of Fashionability {rPois} (You bought it in a shop on level 10 of the Dungeon)
 10854 | D:11     | Found a labyrinth entrance.
 10863 | Lab      | Entered a labyrinth
 11461 | Lab      | Noticed a minotaur
 11467 | Lab      | Killed a minotaur
 11467 | Lab      | Reached skill level 15 in Long Blades
 11472 | Lab      | Got a steaming turquoise ring
 11480 | Lab      | Identified the ring "Sosyoni" {rElec rF- Int+5 SInv} (You found it in a labyrinth)
 11562 | D:11     | Found a staircase to the Lair.
 11699 | D:11     | Noticed BugsBunnySan's ghost (novice FeBe)
 11718 | D:11     | Killed BugsBunnySan's ghost
 12042 | D:11     | Noticed an unseen horror
 12046 | D:11     | Killed an unseen horror
 13113 | D:11     | Noticed a purple ugly thing
 13121 | D:11     | Killed a purple ugly thing
 13172 | D:11     | Reached skill level 5 in Dodging
 13271 | D:11     | Identified a +9 rod of ignition (13/13) (You found it in a labyrinth)
 13295 | Lair:1   | Entered Level 1 of the Lair of Beasts
 13501 | Lair:1   | Reached XP level 12. HP: 110/110 MP: 11/11
 14246 | Lair:2   | Noticed a death yak
 14246 | Lair:2   | Noticed a death yak
 14247 | Lair:2   | Noticed a death yak
 14271 | Lair:1   | Killed a death yak
 14592 | Lair:2   | Reached skill level 16 in Long Blades
 14706 | Lair:1   | Killed a death yak
 15383 | Lair:2   | Killed a death yak
 15623 | Lair:2   | Found a staircase to the Swamp.
 16150 | Lair:2   | Noticed a catoblepas
 16179 | Lair:2   | Killed a catoblepas
 16769 | Lair:2   | Identified 2 scrolls of acquirement
 16781 | Lair:2   | Identified a +2 pair of boots of running (You acquired it on level 2 of the Lair of Beasts)
 16832 | Lair:3   | Got an ichor-stained rapier
 16833 | Lair:3   | Identified the +7 rapier of Stickiness {drain, rElec} (You found it on level 3 of the Lair of Beasts)
 17662 | Lair:3   | Reached skill level 17 in Long Blades
 17815 | Lair:3   | Learned a level 1 spell: Animate Skeleton
 17817 | Lair:3   | Learned a level 1 spell: Apportation
 18057 | Lair:4   | Found a staircase to the Snake Pit.
 18265 | Lair:4   | Reached XP level 13. HP: 119/119 MP: 12/12
 18509 | Lair:5   | Found a frozen archway.
 18557 | IceCv    | Entered an ice cave
 19374 | IceCv    | Noticed a reaper
 19391 | IceCv    | Killed a reaper
 20789 | Lair:5   | Reached skill level 18 in Long Blades
 20916 | Lair:6   | Entered Level 6 of the Lair of Beasts
 21174 | Lair:6   | Found a staircase to the Slime Pits.
 22600 | Lair:6   | Reached XP level 14. HP: 130/130 MP: 13/13
 23362 | Lair:6   | Reached skill level 19 in Long Blades
 25572 | Orc:1    | Entered Level 1 of the Orcish Mines
 25789 | Orc:1    | Reached skill level 1 in Shields
 26294 | Orc:2    | Entered Level 2 of the Orcish Mines
 26525 | Orc:2    | Noticed sreda's ghost (journeyman HaHu)
 26580 | Orc:2    | Killed sreda's ghost
 26911 | Orc:2    | Noticed Sonja
 27885 | Orc:2    | Reached skill level 10 in Dodging
 27997 | Orc:2    | Killed Sonja
 28131 | Orc:2    | Found a staircase to the Elven Halls.
 28475 | Orc:2    | Found Wetem's Antique Armour Emporium.
 28475 | Orc:2    | Found Ryong's Antique Weapon Shop.
 28477 | Orc:2    | Found Tostratrif's Food Boutique.
 28479 | Orc:2    | Found Senkekk's Gadget Shoppe.
 28486 | Orc:2    | Bought a meat ration for 60 gold pieces
 28486 | Orc:2    | Bought a meat ration for 60 gold pieces
 28486 | Orc:2    | Bought a meat ration for 60 gold pieces
 28486 | Orc:2    | Bought a beef jerky for 18 gold pieces
 28486 | Orc:2    | Bought a meat ration for 60 gold pieces
 28486 | Orc:2    | Bought a bread ration for 60 gold pieces
 28486 | Orc:2    | Bought a meat ration for 60 gold pieces
 28486 | Orc:2    | Bought a meat ration for 60 gold pieces
 28486 | Orc:2    | Bought a meat ration for 60 gold pieces
 28486 | Orc:2    | Bought a meat ration for 60 gold pieces
 28491 | Orc:2    | Bought a wand of hasting (5/9) for 918 gold pieces
 28690 | Orc:2    | Bought a scroll of enchant weapon for 112 gold pieces
 28690 | Orc:2    | Bought a scroll of recharging for 142 gold pieces
 29027 | D:12     | Reached XP level 15. HP: 129/139 MP: 14/14
 29382 | D:13     | Noticed Goodini51's ghost (journeyman DgFE)
 29425 | D:13     | Killed Goodini51's ghost
 29702 | D:13     | Found a shattered altar of Ashenzari.
 29995 | D:14     | Reached skill level 20 in Long Blades
 30234 | D:14     | Reached skill level 15 in Armour
 30727 | D:14     | Found a gate to the Vaults.
 31135 | D:14     | Reached skill level 15 in Fighting
 31518 | D:14     | Learned a level 6 spell: Statue Form
 31525 | D:14     | Gained mutation: You have a somewhat thin skeletal structure. (Dex +2, Stealth) [potion of mutation]
 31525 | D:14     | Gained mutation: You possess an exceptional clarity of mind. [potion of mutation]
 31526 | D:14     | Gained mutation: You are partially covered in slimy green scales. (AC +2) [potion of beneficial mutation]
 31549 | D:15     | Entered Level 15 of the Dungeon
 31637 | D:15     | Reached skill level 5 in Shields
 32547 | D:15     | Found a staircase to the Depths.
 32766 | Depths:1 | Entered Level 1 of the Depths
 33494 | Depths:1 | Found Xotziev's General Store.
 33495 | Depths:1 | Found Caneutaa's Food Emporium.
 33495 | Depths:1 | Found Caorhits's Weapon Shoppe.
 33495 | Depths:1 | Noticed a lich
 33511 | Depths:1 | Killed a lich
 34592 | Depths:1 | Reached XP level 16. HP: 109/149 MP: 12/15
 34723 | Depths:1 | Found Muist's Assorted Antiques.
 34734 | Depths:1 | Bought a bread ration for 65 gold pieces
 34734 | Depths:1 | Bought a meat ration for 65 gold pieces
 34734 | Depths:1 | Bought a meat ration for 65 gold pieces
 34734 | Depths:1 | Bought a bread ration for 65 gold pieces
 34734 | Depths:1 | Bought a meat ration for 65 gold pieces
 34751 | Depths:1 | Bought a +2 plate armour of positive energy for 481 gold pieces
 34757 | Depths:1 | Bought a smoking marble ring for 215 gold pieces
 34758 | Depths:1 | Identified the cursed ring "Maohoh" {rPois rF+ rN+ Int-2 Dex+2} (You bought it in a shop on level 1 of the Depths)
 34836 | Depths:1 | Found a gateway to Hell.
 34843 | Depths:1 | Reached skill level 21 in Long Blades
 35357 | Depths:1 | Noticed a lich
 35375 | Depths:1 | Splashed by a lich's acid

Skill      XL: |  1  2  3  4  5  6  7  8  9 10 11 12 13 14 15 16 |
---------------+-------------------------------------------------+-----
Armour         | 1 2 3 4 5 6 8 10 11 12 13 14 15 | 15.9
Long Blades    | 4 5 6 7 9 10 12 14 15 17 18 19 20 21 | 21.0
Fighting       | 3 4 6 7 8 10 11 12 13 14 15 | 15.7
Dodging        | 5 7 8 10 11 | 11.6
Shields        | 2 5 |  5.0
Throwing       | |  2.0

Action                   |  1- 3 |  4- 6 |  7- 9 | 10-12 | 13-15 | 16-18 || total
-------------------------+-------+-------+-------+-------+-------+-------++-------
Melee: Long sword        |    38 |   126 |   321 |   274 |       |       ||   759
       Headbutt          |    10 |    21 |    81 |   181 |   431 |    23 ||   747
       Scimitar          |       |       |       |   484 |  1566 |    72 ||  2122
       Demon blade       |       |       |       |    17 |       |       ||    17
       Rapier            |       |       |       |       |    32 |       ||    32
Throw: Throwing net      |       |     3 |     7 |       |       |       ||    10
       Javelin           |       |       |       |     5 |     3 |       ||     8
Invok: Call Merchant     |       |       |       |     3 |     2 |     1 ||     6
Evoke: Wand              |       |       |       |       |     2 |     1 ||     3
  Use: Scroll            |     3 |     1 |    14 |    21 |    14 |     1 ||    54
       Potion            |       |       |       |     4 |     3 |       ||     7
 Stab: Distracted        |       |       |       |     5 |     6 |     1 ||    12
       Petrified         |       |       |       |     2 |       |       ||     2
  Eat: Chunk             |     1 |     3 |       |       |       |       ||     4
       Beef jerky        |       |     1 |     3 |     2 |     2 |       ||     8
       Meat ration       |       |       |     3 |     3 |       |       ||     6
       Bread ration      |       |       |       |     3 |     8 |     1 ||    12
       Royal jelly       |       |       |       |     4 |     3 |       ||     7
       Fruit             |       |       |       |       |     5 |       ||     5
       Pizza             |       |       |       |       |     2 |       ||     2
Armor: Leather armour    |    19 |    29 |     8 |       |       |       ||    56
       Scale mail        |       |       |    80 |   234 |   551 |       ||   865
       Plate armour      |       |       |       |       |       |    52 ||    52
Dodge: Dodged            |    34 |    83 |   180 |   411 |  1056 |    43 ||  1807
Block: Buckler           |       |       |       |       |    51 |    24 ||    75
       Rpst.: Long sword |    10 |    19 |    58 |    36 |       |       ||   123
       Scimitar          |       |       |       |    80 |   229 |     5 ||   314
       Demon blade       |       |       |       |     2 |       |       ||     2
